 Dungeon Crawl Stone Soup version 0.22.1-1-ga44c0e56f4 (webtiles) character file.

759249 Peloso the Minotaur Barricade (level 27, -4/191 HPs)
             Began as a Minotaur Fighter on Oct 19, 2018.
             Was the Champion of Okawaru.
             Splashed by an acid blob's acid (6 damage)
             ... created by the Royal Jelly
             ... on level 5 of the Pits of Slime on Oct 20, 2018.
             The game lasted 05:15:07 (85708 turns).

Peloso the Minotaur Barricade (Minotaur Fighter)   Turns: 85708, Time: 05:15:08

Health: -4/191     AC: 24    Str: 35 (36) XL:     27
Magic:  22/22      EV: 17    Int:  0      God:    Okawaru [******]
Gold:   6784       SH: 31    Dex: 20      Spells: 26/26 levels left

rFire    + + .     SeeInvis +   a - +10 double sword "Vaz Quas" {slice, Str+4 Dex+3}
rCold    + + +     Gourm    .   J - +2 large shield {reflect}
rNeg     + + +     Faith    +   u - +11 gold dragon scales
rPois    +         Spirit   .   t - +0 hat {SInv}
rElec    +         Reflect  +   O - +4 dragonskin cloak
rCorr    +         Harm     .   F - +1 pair of gloves of the Land of Plenty {rCorr Str+3 Int+2 Stlth-}
MR       ++++.     Rnd*Rage +   X - +1 pair of boots {run} Stlth ..........Rnd*Tele +
                                y - amulet "Juhiv" {Faith *Drain rC+++ Dex+5}
HPRegen  0.41/turn              o - ring of Jewk {rElec rPois rN+ MR++ Int-3}
MPRegen  0.18/turn              p - ring of Liberalism {rCorr rN+ Dex+3 Stlth+}

@: corroded, berserk cooldown, starving, hasted and slowed, lost intelligence,
quick
A: retaliatory headbutt, horns 2, berserk 2, blurry vision 2, clumsy 1, deformed
body, deterioration 2, dopey 2, frail 3, low mp 3, screaming 2, teleportitis 1,
weak 2, no potion heal 1, subdued magic 2
}: 3/15 runes: serpentine, barnacled, silver
a: Heroism, Finesse, Renounce Religion


You were on level 5 of the Pits of Slime.
You worshipped Okawaru.
Okawaru was exalted by your worship.
You were starving.

You visited 13 branches of the dungeon, and saw 59 of its levels.
You also visited: Bailey, Ice Cave and Wizlab.

You collected 8729 gold pieces.
You spent 1945 gold pieces at shops.

Inventory:

Hand Weapons
 a - the +10 double sword "Vaz Quas" (weapon) {slice, Str+4 Dex+3}
   (Okawaru gifted it to you on level 2 of the Snake Pit)

   It inflicts extra damage upon your enemies.
   It affects your strength (+4).
   It affects your dexterity (+3).
 b - the +7 double sword "Liputuwka" {holy, +Blink rElec rC+}
   (Okawaru gifted it to you on level 2 of the Vaults)

   It has been blessed by the Shining One to cause great damage to the undead
   and demons.
   It protects you from cold.
   It insulates you from electricity.
   It lets you blink.
 L - a +9 double sword of flaming
Armour
 e - a +2 hat of magic resistance
 t - a +0 hat of see invisible (worn)
 u - +11 gold dragon scales (worn)
 z - the +0 hat of Gravity {MP+9 Str+4}
   (You found it in an ice cave)

   It affects your strength (+4).
   It affects your magic capacity (+9).
 F - the +1 pair of gloves of the Land of Plenty (worn) {rCorr Str+3 Int+2 Stlth-}
   (You found it in an ice cave)

   It affects your strength (+3).
   It affects your intelligence (+2).
   It provides partial protection from all sources of acid and corrosion.
   It makes you less stealthy.
 J - a +2 large shield of reflection (worn)
 O - the +4 dragonskin cloak (worn)
   (You took it off Tiamat on level 3 of the Realm of Zot)
 X - a +1 pair of boots of running (worn)
Jewellery
 o - the ring of Jewk (left hand) {rElec rPois rN+ MR++ Int-3}
   (You bought it in a shop on level 2 of the Orcish Mines)

   [ring of positive energy]

   It affects your intelligence (-3).
   It insulates you from electricity.
   It protects you from poison.
   It protects you from negative energy.
   It affects your resistance to hostile enchantments.
 p - the ring of Liberalism (right hand) {rCorr rN+ Dex+3 Stlth+}
   (You bought it in a shop on level 2 of the Orcish Mines)

   [ring of resist corrosion]

   It affects your dexterity (+3).
   It protects you from negative energy.
   It makes you more stealthy.
 q - an uncursed ring of flight
 y - the amulet "Juhiv" (around neck) {Faith *Drain rC+++ Dex+5}
   (You found it on level 5 of the Dungeon)

   [amulet of faith]

   It allows you to gain divine favour quickly.
   It affects your dexterity (+5).
   It renders you almost immune to cold.
   It causes draining when unequipped.
Wands
 K - a wand of digging (6)
Scrolls
 h - 21 scrolls of identify
 m - 16 scrolls of teleportation
 s - 3 scrolls of blinking
 v - 26 scrolls of remove curse
 w - 6 scrolls of magic mapping
 B - 5 scrolls of fear
 G - 4 scrolls of noise
 I - a scroll of silence
 Q - 4 scrolls of summoning
Potions
 c - 6 potions of invisibility
 d - 13 potions of might
 g - 22 potions of curing
 n - 10 potions of agility
 x - 3 potions of berserk rage
 A - 9 potions of haste
 C - a potion of mutation
 E - 9 potions of flight
 H - 2 potions of resistance
 R - 5 potions of heal wounds
Comestibles
 f - 68 rations


   Skills:
 O Level 27 Fighting
 O Level 27 Long Blades
   Level 4.1 Axes
 O Level 27 Armour
 + Level 12.2 Dodging
 + Level 16.1 Stealth
 O Level 27 Shields
 + Level 0.3 Unarmed Combat
 + Level 11.7 Invocations
 + Level 14.4 Evocations


You had 26 spell levels left.
You didn't know any spells.
Your spell library contained the following spells:

 Spells                   Type           Power        Failure   Level  Hunger
 Animate Skeleton         Necr           N/A          95%         1    ##.....
 Apportation              Tloc           #.....       95%         1    ##.....
 Beastly Appendage        Tmut           #.....       95%         1    ##.....
 Confusing Touch          Hex            #.....       95%         1    ##.....
 Corona                   Hex            #......      95%         1    ##.....
 Flame Tongue             Conj/Fire      #....        95%         1    ##.....
 Freeze                   Ice            #...         95%         1    ##.....
 Infusion                 Chrm           #...         95%         1    ##.....
 Magic Dart               Conj           #...         95%         1    ##.....
 Pain                     Necr           #...         95%         1    ##.....
 Shock                    Conj/Air       #...         95%         1    ##.....
 Sting                    Conj/Pois      #...         95%         1    ##.....
 Summon Butterflies       Summ           #.......     95%         1    ##.....
 Summon Small Mammal      Summ           #...         95%         1    ##.....
 Blink                    Tloc           N/A          99%         2    ###....
 Corpse Rot               Necr           N/A          99%         2    ###....
 Ensorcelled Hibernation  Hex/Ice        #.....       99%         2    ###....
 Passwall                 Tmut/Erth      #.......     99%         2    ###....
 Poisonous Vapours        Pois/Air       #.....       99%         2    ###....
 Searing Ray              Conj           #.....       99%         2    ###....
 Shroud of Golubria       Chrm/Tloc      #.........   99%         2    ###....
 Slow                     Hex            #.......     99%         2    ###....
 Song of Slaying          Chrm           #.......     99%         2    ###....
 Sticks to Snakes         Tmut           #.......     99%         2    ###....
 Sublimation of Blood     Necr           #.........   99%         2    ###....
 Swiftness                Chrm/Air       #.......     99%         2    ###....
 Throw Flame              Conj/Fire      #.....       99%         2    ###....
 Throw Frost              Conj/Ice       #.....       99%         2    ###....
 Confuse                  Hex            #.......     100%        3    ####...
 Conjure Flame            Conj/Fire      #.......     100%        3    ####...
 Dazzling Spray           Conj/Hex       #.....       100%        3    ####...
 Gell's Gravitas          Tloc           #.........   100%        3    ####...
 Ignite Poison            Fire/Tmut/Pois #.......     100%        3    ####...
 Inner Flame              Hex/Fire       #.......     100%        3    ####...
 Lesser Beckoning         Tloc           #.........   100%        3    ####...
 Mephitic Cloud           Conj/Pois/Air  #.......     100%        3    ####...
 Ozocubu's Armour         Chrm/Ice       #.......     100%        3    ####...
 Portal Projectile        Hex/Tloc       #.....       100%        3    ####...
 Regeneration             Chrm/Necr      #.........   100%        3    ####...
 Spectral Weapon          Hex/Chrm       #.......     100%        3    ####...
 Spider Form              Tmut/Pois      #.........   100%        3    ####...
 Stone Arrow              Conj/Erth      #.....       100%        3    ####...
 Summon Guardian Golem    Hex/Summ       #.......     100%        3    ####...
 Teleport Other           Tloc           #.......     100%        3    ####...
 Tukima's Dance           Hex            #.......     100%        3    ####...
 Vampiric Draining        Necr           #.........   100%        3    ####...
 Animate Dead             Necr           N/A          100%        4    #####..
 Cause Fear               Hex            #.........   100%        4    #####..
 Force Lance              Conj/Tloc      #.......     100%        4    #####..
 Fulminant Prism          Conj/Hex       #.........   100%        4    #####..
 Iskenderun's Mystic Bla  Conj           #.......     100%        4    #####..
 Leda's Liquefaction      Hex/Erth       #.........   100%        4    #####..
 Olgreb's Toxic Radiance  Pois           #.......     100%        4    #####..
 Passage of Golubria      Tloc           N/A          100%        4    #####..
 Petrify                  Tmut/Erth      #.......     100%        4    #####..
 Summon Ice Beast         Ice/Summ       #.......     100%        4    #####..
 Throw Icicle             Conj/Ice       #.......     100%        4    #####..
 Agony                    Necr           #.......     100%        5    ######.
 Alistair's Intoxication  Tmut/Pois      #.......     100%        5    ######.
 Bolt of Draining         Conj/Necr      #.........   100%        5    ######.
 Bolt of Magma            Conj/Fire/Erth #.........   100%        5    ######.
 Borgnjor's Vile Clutch   Necr/Erth      #.........   100%        5    ######.
 Dispel Undead            Necr           #.......     100%        5    ######.
 Excruciating Wounds      Chrm/Necr      #.........   100%        5    ######.
 Irradiate                Conj/Tmut      #.........   100%        5    ######.
 Lee's Rapid Deconstruct  Erth           #.........   100%        5    ######.
 Metabolic Englaciation   Hex/Ice        #.........   100%        5    ######.
 Silence                  Hex/Air        #.........   100%        5    ######.
 Summon Forest            Summ/Tloc      #.........   100%        5    ######.
 Summon Mana Viper        Hex/Summ       #.......     100%        5    ######.
 Venom Bolt               Conj/Pois      #.........   100%        5    ######.
 Yara's Violent Unravell  Hex/Tmut       #.........   100%        5    ######.
 Bolt of Fire             Conj/Fire      #.........   100%        6    #######
 Darkness                 Hex            #.........   100%        6    #######
 Hydra Form               Tmut           #.........   100%        6    #######
 Invisibility             Hex            #.......     100%        6    #######
 Iron Shot                Conj/Erth      #.........   100%        6    #######
 Ozocubu's Refrigeration  Ice            #.........   100%        6    #######
 Shadow Creatures         Summ           N/A          100%        6    #######
 Simulacrum               Ice/Necr       #.........   100%        6    #######
 Statue Form              Tmut/Erth      #........    100%        6    #######
 Dragon Form              Tmut           #.........   100%        7    #######
 Spellforged Servitor     Conj/Summ      #.........   100%        7    #######
 Summon Hydra             Summ           #.........   100%        7    #######
 Discord                  Hex            #.........   100%        8    #######
 Lehudib's Crystal Spear  Conj/Erth      #.........   100%        8    #######
 Necromutation            Tmut/Necr      #.........   100%        8    #######
 Dragon's Call            Summ           #.........   100%        9    #######
 Shatter                  Erth           #.........   100%        9    #######


Dungeon Overview and Level Annotations

Branches:
Dungeon (15/15)            Temple (1/1) D:5            Lair (6/6) D:10
 Shoals (4/4) Lair:3        Snake (4/4) Lair:2        Slime (5/5) Lair:5
    Orc (2/2) D:9             Elf (3/3) Orc:2        Vaults (5/5) D:14
  Crypt (3/3) Vaults:3       Tomb (0/3) Crypt:3      Depths (5/5) D:15
   Hell (1/1)                 Dis (0/7) Hell            Geh (0/7) Hell
    Coc (0/7) Hell            Tar (0/7) Hell            Zot (5/5) Depths:5

Altars:
Ashenzari
Cheibriados
Elyvilon
Fedhas
Gozag
Hepliaklqana
Kikubaaqudgha
Makhleb
Nemelex Xobeh
Okawaru
Ru
Sif Muna
Uskayaw
Xom
Yredelemnul
Zin
The Shining One
Beogh
Jiyva

Shops:
D:7 %   Orc:2 ==(*[!   Shoals:1 }   Shoals:2 ((![}   Snake:4 *   Vaults:1 :

Portals:
Hell: Depths:1 Depths:2 Depths:3 Depths:4 Depths:5
Abyss: Depths:1 Depths:2 Depths:4
Pandemonium: Depths:3
Ziggurat: Depths:5


Innate Abilities, Weirdness & Mutations

You reflexively headbutt those who attack you in melee.
You have a pair of horns on your head.
You often lose your temper in combat.
Scrolls take you longer to read.
You are clumsy. (Dex -2)
Armour fits poorly on your strangely shaped body.
Your body often deteriorates upon taking damage.
You are very dopey. (Int -4)
You are extremely frail. (-30% HP)
Your magical capacity is extremely low. (-30% MP)
You sometimes yell uncontrollably at your foes.
You are occasionally teleported next to monsters.
You are very weak. (Str -4)
Potions are less effective at restoring your health.
Your spells are easier to cast, but less powerful.


Message History

You block the azure jelly's attack. x3
The azure jelly hits you but does no damage. x2
The acid blob spits acid at you. The splash of acid hits you! You resist.
* * * LOW HITPOINT WARNING * * *
The acid corrodes you!
You are splashed with acid!
The acid burns!
You resist.
* * * LOW HITPOINT WARNING * * *
Unknown command.
Your system partially rejects the healing.
You feel much better.
The golden eye blinks!
You block the acid blob's attack. The azure jelly barely misses you.
The azure jelly hits you but does no damage.
The azure jelly completely misses you.
The azure jelly hits you but does no damage. x2
You block the azure jelly's attack. The azure jelly closely misses you.
The azure jelly misses you. The acid blob hits you!!
* * * LOW HITPOINT WARNING * * *
Your body deteriorates!
You feel weakened.
You are splashed with acid!
The acid burns!
You resist.
You die...

#................ ##.
?(/ #...............
#..##G) ##.............
....[)? ##............
.....(" #............
....).) #............
.....§J#####............
.....JJJ#...............
.....JJ@JJ#.............
......J#####...........
....|.J ...........
.....?[ ##.........
....(|: #.........
#..##[) .......... ##.
?([ ......... . #[#


You could see 3 acid blobs, 4 azure jellies, 3 death oozes and a golden eye.

Vanquished Creatures
  the Royal Jelly (Slime:5)
  Tiamat (Zot:3)
  6 orbs of fire (Zot:5)
  Mara (Vaults:4)
  Mennas (Crypt:2)
  A juggernaut (Depths:2)
  12 ancient liches
  Sojobo (Vaults:2)
  Boris (Vaults:3)
  Saint Roka (Orc:2)
  4 curse toes
  Xtahua (Depths:5)
  Margery (Vaults:3)
  4 caustic shrikes
  Geryon (Hell)
  5 Killer Klowns
  11 golden dragons
  2 bone dragons
  Jory (Vaults:2)
  2 electric golems (Zot:5)
  Asterion (Vaults:1)
  A moon troll (WizLab)
  5 titans
  An Ice Fiend (IceCv)
  11 tentacled monstrosities
  2 deep elf blademasters (Elf:3)
  25 Orb Guardians (Zot:5)
  2 deep elf master archers (Elf:3)
  7 quicksilver dragons
  6 liches
  A kraken (Shoals:2)
  Gastronok (Lair:1)
  5 ancient champions (Crypt:3)
  8 acid blobs
  10 death cobs
  9 tentacled starspawn (WizLab)
  5 sphinxes
  The ghost of Gorul the Devastator, an adept GrFE of Vehumet (Snake:3)
  18 shadow dragons
  Kirke (Shoals:1)
  9 tengu reavers
  8 draconian monks
  16 storm dragons
  Roxanne (Elf:2)
  An azure jelly (shapeshifter) (Vaults:5)
  4 revenants
  9 nagarajas
  6 azure jellies
  13 vault wardens
  10 fire giants
  10 draconian knights
  15 frost giants
  6 draconian scorchers
  3 ghost moths
  4 iron dragons
  5 deep elf sorcerers
  The ghost of LLavrengius the Unseen, an adept SpEn of Gozag (Snake:3)
  7 deep elf elementalists
  3 curse skulls
  An orc warlord (Orc:2)
  9 draconian shifters
  5 ghouls
  8 draconian annihilators
  2 draconian stormcallers (Zot:1)
  A cacodemon (WizLab)
  28 very ugly things
  7 ironheart preservers
  4 war gargoyles
  4 entropy weavers
  3 spriggan defenders
  4 reapers
  14 green draconians
  8 vampire knights
  8 deep elf demonologists
  26 stone giants
  3 spark wasps
  16 red draconians
  Azrael (Elf:1)
  11 black draconians
  8 purple draconians
  10 deep elf annihilators
  9 white draconians
  23 yellow draconians
  The ghost of brittlin the Impaler, a journeyman MfSk of Hepliaklqana (D:12)
  16 ettins
  2 blizzard demons
  3 merfolk javelineers
  11 deep elf death magi
  3 crystal guardians (WizLab)
  11 merfolk impalers
  4 jiangshi
  A death ooze (Slime:5)
  6 eidola
  23 fire dragons
  20 great orbs of eyes
  10 yaktaur captains
  Fannar (Orc:1)
  31 vault guards
  10 rakshasas
  17 anacondas
  4 deep elf high priests
  A hell beast (Depths:1)
  12 hydras
  23 naga warriors
  13 ice dragons
  A hydra (shapeshifter) (Depths:5)
  6 spriggan air magi
  Harold (Lair:2)
  8 centaur warriors
  3 satyrs
  5 merfolk aquamancers
  46 two-headed ogres
  An alligator snapping turtle (Shoals:4)
  18 tengu warriors
  31 dancing weapons
  A merfolk avatar (Shoals:3)
  4 vampire magi
  5 death knights
  5 deep troll earth magi
  Urug (Lair:5)
  16 naga sharpshooters
  14 ogre magi
  9 shock serpents
  9 deep troll shamans
  9 spriggan berserkers
  A titan zombie (Hell)
  3 orc high priests
  A sun demon (Hell)
  7 soul eaters
  12 deep elf knights
  23 hell knights
  7 iron trolls
  4 shadow wraiths
  2 iron golems
  A titan skeleton (Hell)
  Sonja (Lair:2)
  21 skeletal warriors
  22 deep trolls
  4 salamander mystics
  10 glowing orange brains
  A sixfirhy (Zot:3)
  3 unseen horrors
  2 orange crystal statues
  8 sea snakes
  A small abomination (Elf:3)
  8 naga ritualists
  6 flayed ghosts
  A deep troll (shapeshifter) (D:15)
  8 deep elf archers
  An obsidian statue (Zot:5)
  The ghost of BorisKarlOrff the Basher, a novice GrBe of Trog (D:8)
  3 wizards
  13 necromancers
  Pikel (D:7)
  A swamp dragon (Zot:3)
  12 ironbrand convokers
  2 anaconda skeletons (Hell)
  A sphinx zombie (Crypt:1)
  10 phantasmal warriors
  60 deep elf magi
  A frost giant zombie (Hell)
  A lindwurm (shapeshifter) (Depths:5)
  2 iron dragon zombies
  19 oklob plants
  33 harpies
  13 orc knights
  11 mana vipers
  An orb spider (shapeshifter) (Depths:5)
  83 ugly things
  A manticore (shapeshifter) (Depths:5)
  7 shining eyes
  A wolf spider (Vaults:5)
  15 fauns
  2 salamanders (shapeshifter) (Depths:5)
  12 manticores
  27 salamanders
  12 cyclopes
  An elephant (shapeshifter) (Depths:2)
  28 moths of wrath
  12 orc sorcerers
  20 guardian serpents
  2 centaur zombies
  20 naga magi
  Joseph (D:10)
  9 elephants
  42 black mambas
  13 merfolk sirens
  2 stone giant skeletons
  13 vault sentinels
  8 water nymphs
  10 rust devils
  5 smoke demons
  2 ice statues (Hell)
  A titan simulacrum (Hell)
  A torpor snail (shapeshifter) (Vaults:1)
  27 spiny frogs
  9 eyes of devastation
  2 molten gargoyles (Hell)
  An eye of devastation (shapeshifter) (Vaults:4)
  A gargoyle (D:11)
  2 hellions (Hell)
  4 centaur skeletons
  3 human zombies (Vaults:1)
  A spiny frog (shapeshifter) (Depths:5)
  4 kobold demonologists (D:15)
  A shock serpent skeleton (Crypt:2)
  50 yaktaurs
  7 komodo dragons
  A rime drake (shapeshifter) (Vaults:1)
  2 rime drakes
  A green draconian skeleton (Crypt:1)
  15 freezing wraiths
  5 guardian mummies (Crypt:3)
  8 ice devils
  2 hydra zombies (Hell)
  A demonic crawler (Hell)
  A golden dragon simulacrum (IceCv)
  4 anaconda simulacra (IceCv)
  3 red devils
  2 tengu conjurers
  A polar bear (Lair:4)
  A wolf spider simulacrum (Vaults:1)
  A meliai (shapeshifter) (D:12)
  A jumping spider (shapeshifter) (Vaults:4)
  A polar bear (shapeshifter) (D:15)
  9 trolls
  94 slime creatures
  10 hornets
  A death drake zombie (Crypt:1)
  2 hornets (shapeshifter)
  A moth of wrath zombie (Crypt:3)
  A sphinx simulacrum (Vaults:1)
  12 wind drakes
  A bog body (Crypt:2)
  30 merfolk
  A blink frog (shapeshifter) (Depths:4)
  4 tyrant leeches (Lair:6)
  2 wind drakes (shapeshifter)
  22 dream sheep
  2 death drake skeletons
  6 hippogriffs
  13 blink frogs (Lair:6)
  A hydra skeleton (Crypt:2)
  9 snapping turtles
  A dream sheep (shapeshifter) (Depths:3)
  A guardian serpent skeleton (Crypt:3)
  A black mamba zombie (Crypt:2)
  An ice dragon zombie (Crypt:1)
  2 shadows
  5 redbacks
  A spriggan (shapeshifter) (Vaults:2)
  2 air elementals (Elf:1)
  8 flying skulls
  6 spriggans
  A fire dragon skeleton (Crypt:3)
  10 starcursed masses (WizLab)
  8 wraiths
  Sigmund (D:5)
  17 yaks
  Eustachio (D:6)
  An ice dragon skeleton (Crypt:2)
  3 wyverns
  22 humans
  16 water elementals
  A yak (shapeshifter) (Depths:5)
  A fire bat (shapeshifter) (Depths:3)
  2 golden eyes (shapeshifter) (Depths:5)
  11 golden eyes
  A hog (Shoals:1)
  Grum (D:8)
  5 basilisks
  14 fire elementals
  2 humans (shapeshifter)
  A hog (shapeshifter) (Vaults:2)
  2 death yak simulacra (IceCv)
  7 hungry ghosts
  A wind drake skeleton (Crypt:1)
  11 vampire mosquitoes
  Menkaure (D:7)
  2 harpy simulacra (IceCv)
  2 iron troll simulacra (IceCv)
  A deep troll zombie (Crypt:2)
  5 acid dragons
  6 wargs
  77 nagas
  4 hell hounds (Elf:1)
  12 water moccasins
  Duvessa (D:6)
  7 hydra simulacra
  A floating eye (shapeshifter) (Depths:5)
  11 porcupines
  A two-headed ogre skeleton (Crypt:2)
  A floating eye (Depths:2)
  An ettin simulacrum (IceCv)
  A deep troll skeleton (Vaults:1)
  An alligator simulacrum (Hell)
  55 orc warriors
  A slave (D:7)
  A swamp drake (shapeshifter) (Vaults:5)
  A black bear (shapeshifter) (Vaults:1)
  7 ice beasts
  A snapping turtle zombie (Crypt:2)
  5 sky beasts
  2 black bears
  A phantom (D:13)
  10 necrophages
  2 eyes of draining
  36 ogres
  6 boggarts
  13 crocodiles
  14 centaurs
  16 wolves
  6 big kobolds
  A salamander zombie (Crypt:3)
  A komodo dragon skeleton (Crypt:1)
  3 earth elementals
  A rime drake skeleton (Crypt:3)
  30 bullfrogs
  A spectral wyvern (D:8)
  A wyvern zombie (D:12)
  Dowan (D:6)
  An elf skeleton (Hell)
  A raiju zombie (Crypt:3)
  4 scorpions
  A wyvern skeleton (D:8)
  16 killer bees
  An elephant simulacrum (IceCv)
  7 wights
  An electric eel (Lair:6)
  3 howler monkeys
  11 crimson imps
  3 bullfrog zombies (D:12)
  A yaktaur simulacrum (Vaults:1)
  2 draconian simulacra (IceCv)
  A quasit (D:9)
  2 wolf skeletons
  3 human simulacra
  28 jellies
  A soldier ant zombie (Crypt:2)
  11 hounds
  27 orc wizards
  32 orc priests
  A basilisk skeleton (Crypt:1)
  2 bullfrog skeletons
  A demonspawn skeleton (Crypt:1)
  3 iguanas
  Ijyb (D:4)
  13 hell rats
  4 troll simulacra (IceCv)
  7 worker ants
  2 wolf simulacra (IceCv)
  A porcupine skeleton (Crypt:2)
  3 centaur simulacra (IceCv)
  A demigod zombie (Crypt:2)
  A felid skeleton (Crypt:2)
  An ogre skeleton (Crypt:3)
  A hound zombie (D:7)
  2 hound skeletons (D:9)
  7 mummies (Crypt:3)
  A howler monkey zombie (D:8)
  2 worker ant zombies (D:5)
  2 gnolls (Bailey)
  A naga simulacrum (IceCv)
  2 ogre simulacra (IceCv)
  8 adders
  A hound simulacrum (D:8)
  2 shadow imps
  6 white imps (IceCv)
  A worker ant simulacrum (D:8)
  3 ufetubi (IceCv)
  An ooze (D:7)
  2 adder zombies
  2 worms (D:2)
  An adder skeleton (D:8)
  4 leopard geckos
  93 orcs
  6 bats
  4 giant cockroaches
  10 goblins
  13 hobgoblins
  11 jackals
  49 kobolds
  5 quokkas
  A river rat zombie (Crypt:2)
  5 ball pythons
  6 frilled lizards
  A jackal simulacrum (D:8)
  A jackal skeleton (D:8)
  A quokka skeleton (D:6)
  A quokka zombie (D:7)
  9 rats
  2 bushes (Zot:1)
  2 crawling corpses (Elf:3)
  20 fungi
  20 plants
  3 starspawn tentacles (WizLab)
  4 tentacles (Shoals:2)
3047 creatures vanquished.

Vanquished Creatures (others)
  A golden dragon (Zot:5)
  A fire giant (Depths:2)
  2 vault wardens (Vaults:5)
  3 stone giants
  2 merfolk javelineers (Shoals:4)
  3 yaktaur captains
  2 centaur warriors
  An ironbrand convoker (Vaults:4)
  A deep elf archer (Vaults:5)
  2 deep elf magi
  A moth of wrath (Zot:5)
  16 yaktaurs
  A human (Shoals:2)
  2 centaurs
  2 orcs
  3 bushes
  26 fungi
  86 plants
  19 starspawn tentacles (WizLab)
  8 tentacles (Shoals:2)
182 creatures vanquished.

Grand Total: 3229 creatures vanquished

Notes
Turn   | Place    | Note
-------+----------+-------------------------------------------
     0 | D:1      | Peloso the Minotaur Fighter began the quest for the Orb.
     0 | D:1      | Reached XP level 1. HP: 19/19 MP: 0/0
    70 | D:1      | Reached XP level 2. HP: 23/27 MP: 1/1
   649 | D:2      | Reached XP level 3. HP: 33/33 MP: 2/2
   783 | D:2      | Reached XP level 4. HP: 35/40 MP: 3/3
   799 | D:2      | Found an opulent altar of Gozag.
   933 | D:2      | Found a sacrificial altar of Ru.
  1139 | D:2      | You fall through a shaft!
  1332 | D:3      | Noticed an ogre
  1459 | D:3      | Reached XP level 5. HP: 33/46 MP: 4/4
  1750 | D:4      | Got a crude shortbow
  1810 | D:4      | Found a glowing golden altar of the Shining One.
  1812 | D:4      | Found a glowing silver altar of Zin.
  1813 | D:4      | Found an ancient bone altar of Kikubaaqudgha.
  1813 | D:4      | Found a sparkling altar of Nemelex Xobeh.
  1839 | D:4      | Found a blossoming altar of Fedhas.
  1953 | D:4      | Noticed Ijyb
  1959 | D:4      | Killed Ijyb
  2069 | D:4      | Reached skill level 1 in Dodging
  2075 | D:4      | Reached skill level 5 in Shields
  2137 | D:4      | Reached skill level 5 in Long Blades
  2137 | D:4      | Reached skill level 5 in Armour
  2137 | D:4      | Reached XP level 6. HP: 44/53 MP: 5/5
  2348 | D:3      | Found a shattered altar of Ashenzari.
  2668 | D:5      | Entered Level 5 of the Dungeon
  2771 | D:5      | Reached XP level 7. HP: 46/60 MP: 6/6
  2773 | D:5      | Found a staircase to the Ecumenical Temple.
  2788 | Temple   | Entered the Ecumenical Temple
  2806 | Temple   | Became a worshipper of Warmaster Okawaru
  2978 | D:5      | Got a bound emerald amulet
  2979 | D:5      | Noticed Sigmund
  3007 | D:5      | Killed Sigmund
  3007 | D:5      | Reached skill level 5 in Fighting
  3454 | D:5      | Identified the amulet "Juhiv" {Faith *Drain rC+++ Dex+5}
                  | (You found it on level 5 of the Dungeon)
  3466 | D:6      | Noticed Eustachio
  3571 | D:6      | Killed Eustachio
  3571 | D:6      | Reached * piety under Okawaru
  3584 | D:6      | Reached XP level 8. HP: 54/68 MP: 7/7
  4214 | D:6      | Noticed Duvessa
  4215 | D:6      | Noticed Dowan
  4220 | D:6      | Killed Duvessa
  4220 | D:6      | Reached ** piety under Okawaru
  4227 | D:6      | Killed Dowan
  4549 | D:7      | Reached XP level 9. HP: 71/78 MP: 8/8
  4613 | D:7      | Noticed Pikel
  4629 | D:7      | Killed Pikel
  4629 | D:7      | Reached *** piety under Okawaru
  4784 | D:7      | Noticed Menkaure
  4789 | D:7      | Killed Menkaure
  4840 | D:7      | Found Jepussemn's Food Shop.
  5174 | D:8      | Reached **** piety under Okawaru
  5195 | D:8      | Found a runed gate.
  5195 | D:8      | Found a runed gate.
  5195 | D:8      | Found a runed gate.
  5195 | D:8      | Noticed BorisKarlOrff's ghost (novice GrBe)
  5240 | D:8      | Killed BorisKarlOrff's ghost
  5400 | D:8      | Reached skill level 10 in Long Blades
  5409 | D:8      | Reached ***** piety under Okawaru
  5411 | D:8      | Reached XP level 10. HP: 87/88 MP: 9/9
  5441 | D:8      | Reached skill level 10 in Shields
  5486 | D:8      | Noticed Grum
  5498 | D:8      | Killed Grum
  5847 | D:9      | Found a staircase to the Orcish Mines.
  5872 | D:9      | Found a roughly hewn altar of Beogh.
  6126 | D:9      | Noticed a two-headed ogre
  6132 | D:9      | Killed a two-headed ogre
  6132 | D:9      | Reached skill level 1 in Stealth
  6610 | D:10     | Entered Level 10 of the Dungeon
  6698 | D:10     | Noticed a brown ugly thing
  6716 | D:10     | Killed a brown ugly thing
  6810 | D:10     | Reached XP level 11. HP: 81/97 MP: 10/10
  6875 | D:10     | Reached ****** piety under Okawaru
  6875 | D:10     | Received a gift from Okawaru
  6879 | D:10     | Got a faintly glowing chain mail {god gift}
  6890 | D:10     | Identified the +1 chain mail "Mevoklos" {rPois Str+3}
                  | (Okawaru gifted it to you on level 10 of the Dungeon)
  7043 | D:10     | Noticed Joseph
  7055 | D:10     | Killed Joseph
  7097 | D:10     | Reached skill level 1 in Invocations
  7105 | D:10     | Found a staircase to the Lair.
  7516 | D:10     | Found the amulet of the Air {Inacc +Fly rElec EV+5 RMsl}
  7598 | D:10     | Found a shimmering altar of Xom.
  7640 | D:10     | Reached skill level 10 in Armour
  7871 | D:11     | Noticed a two-headed ogre
  7881 | D:11     | Killed a two-headed ogre
  7928 | D:11     | Reached skill level 10 in Fighting
  7990 | D:11     | Noticed a brown ugly thing
  7994 | D:11     | Noticed a tengu warrior
  8013 | D:11     | Killed a brown ugly thing
  8352 | D:10     | Killed a tengu warrior
  8352 | D:10     | Received a gift from Okawaru
  9136 | D:11     | Noticed a two-headed ogre
  9141 | D:11     | Killed a two-headed ogre
  9145 | D:11     | Reached XP level 12. HP: 106/107 MP: 11/11
  9184 | D:11     | Found a basalt altar of Yredelemnul.
  9270 | D:11     | Received a gift from Okawaru
  9278 | D:11     | Got a scorched shortbow {god gift}
  9457 | Lair:1   | Entered Level 1 of the Lair of Beasts
  9476 | Lair:1   | Noticed Gastronok
  9495 | Lair:1   | Killed Gastronok
 10765 | Lair:2   | Found a staircase to the Snake Pit.
 11182 | Lair:2   | Received a gift from Okawaru
 11252 | Lair:2   | Noticed a six-headed hydra
 11258 | Lair:2   | Killed an eight-headed hydra
 11258 | Lair:2   | Reached skill level 1 in Evocations
 11277 | Lair:2   | Noticed Harold
 11286 | Lair:2   | Killed Harold
 11489 | Lair:2   | Noticed Sonja
 11506 | Lair:2   | Killed Sonja
 11812 | Lair:3   | Found a staircase to the Shoals.
 12614 | Lair:4   | Reached XP level 13. HP: 106/116 MP: 13/13
 12705 | Lair:4   | Received a gift from Okawaru
 14637 | D:12     | Received a gift from Okawaru
 14687 | D:12     | Reached skill level 15 in Shields
 15375 | D:13     | Found a runed gate.
 15375 | D:13     | Found a runed gate.
 15376 | D:13     | Found a runed gate.
 15511 | D:13     | Reached skill level 5 in Dodging
 15900 | D:13     | Noticed brittlin's ghost (journeyman MfSk)
 16582 | D:12     | Killed brittlin's ghost
 16582 | D:12     | Received a gift from Okawaru
 16987 | Lair:5   | Reached skill level 1 in Axes
 17018 | Lair:5   | Found a staircase to the Slime Pits.
 17020 | Lair:5   | Found a viscous altar of Jiyva.
 17028 | Lair:5   | Reached XP level 14. HP: 48/127 MP: 14/14
 17209 | Lair:5   | Noticed Urug
 17221 | Lair:5   | Killed Urug
 17278 | Lair:5   | Received a gift from Okawaru
 17973 | Lair:6   | Entered Level 6 of the Lair of Beasts
 18537 | Lair:6   | Received a gift from Okawaru
 20288 | D:14     | Found a flagged portal.
 20311 | D:14     | Received a gift from Okawaru
 20311 | D:14     | Reached XP level 15. HP: 123/136 MP: 15/15
 20317 | D:14     | Got a slimy chain mail {god gift}
 20328 | D:14     | Identified the +7 chain mail of the Present {rPois Str+3}
                  | (Okawaru gifted it to you on level 14 of the Dungeon)
 20361 | D:14     | Identified a scroll of acquirement
 20399 | Bailey   | Entered a bailey
 21041 | D:14     | Found a gate to the Vaults.
 21042 | D:14     | Found the +10 Black Knight's horse barding {ponderous,
                  | rPois rN+}
 21791 | Orc:1    | Entered Level 1 of the Orcish Mines
 22151 | Orc:1    | Noticed Fannar
 22173 | Orc:1    | Killed Fannar
 22224 | Orc:1    | Found a roughly hewn altar of Beogh.
 22324 | Orc:1    | Received a gift from Okawaru
 22334 | Orc:1    | HP: 5/137 [orc priest/divine providence (12)]
 22355 | Orc:1    | Got a bloodstained falchion {god gift}
 22363 | Orc:1    | Identified the +1 falchion of Midsummer {flame, rN+ Str-3
                  | Int-3 Dex+5} (Okawaru gifted it to you on level 1 of the
                  | Orcish Mines)
 22871 | Orc:2    | Entered Level 2 of the Orcish Mines
 22872 | Orc:2    | Found Voetoule's Jewellery Emporium.
 23011 | Orc:2    | Bought the ring of Jewk {rElec rPois rN+ MR++ Int-3} for
                  | 443 gold pieces
 23015 | Orc:2    | Noticed an orc warlord
 23016 | Orc:2    | Bought the ring of Liberalism {rCorr rN+ Dex+3 Stlth+} for
                  | 443 gold pieces
 23029 | Orc:2    | Killed an orc warlord
 23271 | Orc:2    | Reached skill level 15 in Long Blades
 23633 | Orc:2    | Noticed Saint Roka
 23634 | Orc:2    | Found a roughly hewn altar of Beogh.
 23965 | Orc:2    | Killed Saint Roka
 23965 | Orc:2    | Received a gift from Okawaru
 24709 | Orc:2    | Found Xakhufac's Antique Weapon Boutique.
 24711 | Orc:2    | Found a staircase to the Elven Halls.
 24715 | Orc:2    | Found Bapixt's Antique Armour Boutique.
 24806 | Orc:2    | Found Oquon's Jewellery Boutique.
 24822 | Orc:2    | Found Ikupp's General Store.
 24831 | Orc:2    | Bought a scroll of blinking for 105 gold pieces
 24847 | Orc:2    | Bought a pair of runed boots for 255 gold pieces
 24862 | Orc:2    | Bought a pair of embroidered gloves for 255 gold pieces
 25061 | Orc:2    | Found Peduyc's Distillery.
 25069 | Orc:2    | Bought a potion of berserk rage for 80 gold pieces
 25458 | D:13     | Lost intelligence.
 25518 | D:15     | Entered Level 15 of the Dungeon
 25973 | D:14     | Received a gift from Okawaru
 26092 | D:15     | Reached XP level 16. HP: 145/147 MP: 16/16
 26454 | D:15     | Found a staircase to the Depths.
 26723 | Snake:1  | Entered Level 1 of the Snake Pit
 26852 | Snake:1  | Received a gift from Okawaru
 27486 | Snake:2  | Reached skill level 15 in Fighting
 27608 | Snake:2  | Received a gift from Okawaru
 28262 | Snake:2  | Received a gift from Okawaru
 28267 | Snake:2  | Got a jewelled double sword {god gift}
 28268 | Snake:2  | Identified the +10 double sword "Vaz Quas" {slice, Str+4
                  | Dex+3} (Okawaru gifted it to you on level 2 of the Snake
                  | Pit)
 28830 | Snake:2  | Identified the Grimoire of the Shifting Escort
 29082 | Snake:3  | Received a gift from Okawaru
 29104 | Snake:3  | Reached XP level 17. HP: 84/158 MP: 17/17
 29542 | Snake:3  | Received a gift from Okawaru
 29831 | Snake:3  | Found a runed gate.
 29831 | Snake:3  | Noticed LLavrengius's ghost (adept SpEn)
 29831 | Snake:3  | Noticed Gorul's ghost (adept GrFE)
 29832 | Snake:3  | Found a runed gate.
 29832 | Snake:3  | Found a runed gate.
 29855 | Snake:3  | Killed LLavrengius's ghost
 29862 | Snake:3  | Killed Gorul's ghost
 30755 | Snake:4  | Entered Level 4 of the Snake Pit
 30910 | Snake:4  | Received a gift from Okawaru
 31180 | Snake:4  | Reached skill level 15 in Armour
 31948 | Snake:4  | Received a gift from Okawaru
 32363 | Snake:4  | Reached XP level 18. HP: 113/168 MP: 18/18
 32476 | Snake:4  | Received a gift from Okawaru
 33014 | Snake:4  | Got a serpentine rune of Zot
 33223 | Snake:4  | Found Taraq's Tempting Trifles.
 33657 | Elf:1    | Entered Level 1 of the Elven Halls
 33732 | Elf:1    | Found a frozen archway.
 33742 | IceCv    | Entered an ice cave
 33932 | IceCv    | Got a faintly glowing tin ring
 33976 | IceCv    | Identified the ring of Lyhuekox {Ice rN+ Int+2} (You found
                  | it in an ice cave)
 34057 | IceCv    | Received a gift from Okawaru
 34060 | IceCv    | Got a twisted shield {god gift}
 34071 | IceCv    | Identified the +5 shield "Doresun" {Regen+ Int+4 Dex+3}
                  | (Okawaru gifted it to you in an ice cave)
 34168 | IceCv    | Noticed an Ice Fiend
 34192 | IceCv    | Killed an Ice Fiend
 34450 | IceCv    | Got a shimmering hat
 34461 | IceCv    | Identified the cursed +0 hat of Gravity {MP+9 Str+4} (You
                  | found it in an ice cave)
 34468 | IceCv    | Got a pair of smoking gloves
 34479 | IceCv    | Identified the +1 pair of gloves of the Land of Plenty
                  | {rCorr Str+3 Int+2 Stlth-} (You found it in an ice cave)
 34738 | Elf:1    | Noticed Azrael
 34748 | Elf:1    | Killed Azrael
 34851 | Elf:1    | Identified Vehumet's Reference Book on Conjuration
 35488 | Elf:2    | Noticed Roxanne
 35500 | Elf:2    | Killed Roxanne
 35502 | Elf:2    | Identified Roxanne's Reference Book on Transformation (You
                  | took it off Roxanne on level 2 of the Elven Halls)
 35623 | Elf:2    | Received a gift from Okawaru
 35646 | Elf:2    | Got a pair of polished boots {god gift}
 35659 | Elf:2    | Identified the +1 pair of boots "Uxolagh" {Int+3} (Okawaru
                  | gifted it to you on level 2 of the Elven Halls)
 35841 | Elf:2    | Found a huge runed gate.
 35841 | Elf:2    | Found a huge runed gate.
 35842 | Elf:2    | Found a huge runed gate.
 35843 | Elf:2    | Found a huge runed gate.
 35848 | Elf:2    | Found a huge runed gate.
 36292 | Elf:2    | Reached XP level 19. HP: 166/179 MP: 19/19
 36442 | Elf:3    | Entered Level 3 of the Elven Halls
 36461 | Elf:3    | Found an ancient bone altar of Kikubaaqudgha.
 37070 | Elf:3    | Received a gift from Okawaru
 37126 | Elf:3    | Received a gift from Okawaru
 37918 | Elf:3    | Received a gift from Okawaru
 38023 | Elf:3    | Identified the Handbook of Enchantment
 38029 | Elf:3    | Got an ancient brass ring
 38034 | Elf:3    | Got a crude ivory ring
 38146 | Elf:3    | Got a scorched platinum ring
 38557 | Lair:1   | Identified the ring of Sunlight {Wiz rC+ Str+4} (You found
                  | it on level 3 of the Elven Halls)
 38561 | Lair:1   | Identified the ring "Oqoalel" {Int+3 Dex+4 SInv} (You found
                  | it on level 3 of the Elven Halls)
 38565 | Lair:1   | Identified the ring of Light {-Tele rPois rN+ Slay+3
                  | Stlth+} (You found it on level 3 of the Elven Halls)
 39438 | Shoals:1 | Entered Level 1 of the Shoals
 39834 | Shoals:1 | Found Qir Kig's Gadget Shoppe.
 39985 | Shoals:1 | Noticed Kirke
 40001 | Shoals:1 | Killed Kirke
 40496 | Shoals:2 | Found Makochiz's Gadget Boutique.
 40547 | Shoals:2 | Found Waffept's Distillery.
 40547 | Shoals:2 | Found Ukolai Core's Antique Weapon Emporium.
 40547 | Shoals:2 | Found Tuyk's Armour Shoppe.
 40570 | Shoals:2 | Found Yluna's Weapon Emporium.
 40684 | Shoals:2 | Received a gift from Okawaru
 40684 | Shoals:2 | Reached XP level 20. HP: 191/191 MP: 20/20
 41729 | Shoals:3 | Received a gift from Okawaru
 41897 | Shoals:4 | Entered Level 4 of the Shoals
 42394 | Shoals:4 | Got a barnacled rune of Zot
 43732 | Shoals:4 | Identified Kikubaaqudgha's Incunabulum of Evil Secrets
 44857 | Vaults:1 | Entered Level 1 of the Vaults
 44857 | Vaults:1 | Found Otto Osu's Book Shop.
 45140 | Vaults:1 | Received a gift from Okawaru
 45159 | Vaults:1 | Got a pitted scimitar {god gift}
 45160 | Vaults:1 | Identified the +7 scimitar "Hylisk" {slice, Fragile rN+
                  | Str-3 Int+6} (Okawaru gifted it to you on level 1 of the
                  | Vaults)
 45181 | Vaults:1 | Noticed Asterion
 45199 | Vaults:1 | Killed Asterion
 45654 | Vaults:1 | Received a gift from Okawaru
 46029 | Vaults:1 | Reached XP level 21. HP: 200/200 MP: 21/21
 46421 | Vaults:2 | Found a magical portal.
 46430 | WizLab   | Entered Lehudib's Moon Base
 46501 | WizLab   | Paralysed by accursed screaming for 1 turns
 46971 | WizLab   | Found the +2 Maxwell's thermic engine {flame, freeze}
 47121 | WizLab   | Found a transporter.
 47288 | WizLab   | Received a gift from Okawaru
 47983 | WizLab   | Found a transporter.
 47998 | WizLab   | Got an ebony short sword
 48026 | WizLab   | Identified Lehudib's Catalogue of Earth and Shape Shifting
 48060 | WizLab   | Identified the +4 short sword of the Vase {pierce, +Inv
                  | rPois rF- Stlth+} (You found it in a wizard's laboratory)
 48223 | Vaults:2 | Received a gift from Okawaru
 48227 | Vaults:2 | Reached skill level 27 in Shields
 48390 | Vaults:2 | Noticed Jory
 48398 | Vaults:2 | Killed Jory
 48694 | Vaults:2 | Received a gift from Okawaru
 48720 | Vaults:2 | Got a faintly glowing double sword {god gift}
 48721 | Vaults:2 | Identified the +7 double sword "Liputuwka" {holy, +Blink
                  | rElec rC+} (Okawaru gifted it to you on level 2 of the
                  | Vaults)
 49318 | Vaults:2 | Reached XP level 22. HP: 188/211 MP: 22/22
 49681 | Vaults:2 | Noticed Sojobo
 49694 | Vaults:2 | Killed Sojobo
 49993 | Vaults:3 | Received a gift from Okawaru
 49993 | Vaults:3 | Reached skill level 10 in Dodging
 50229 | Vaults:3 | Found a staircase to the Crypt.
 50229 | Vaults:3 | Found a basalt altar of Yredelemnul.
 50230 | Vaults:3 | Found an ancient bone altar of Kikubaaqudgha.
 50352 | Vaults:3 | Noticed Margery
 50388 | Vaults:3 | Killed Margery
 50797 | Vaults:3 | Noticed Boris
 50806 | Vaults:3 | Killed Boris
 50871 | Vaults:3 | Received a gift from Okawaru
 50874 | Vaults:3 | Got a shimmering double sword {god gift}
 50875 | Vaults:3 | Identified the +4 double sword of Kethra Culi {holy,
                  | Fragile rPois Str+3} (Okawaru gifted it to you on level 3
                  | of the Vaults)
 51955 | Vaults:4 | Received a gift from Okawaru
 52179 | Vaults:4 | Noticed Mara
 52181 | Vaults:4 | Noticed Peloso's illusion
 52196 | Vaults:4 | Killed Mara
 53234 | Vaults:5 | Entered Level 5 of the Vaults
 53334 | Vaults:4 | Received a gift from Okawaru
 53334 | Vaults:4 | Reached XP level 23. HP: 160/223 MP: 24/24
 53371 | Vaults:4 | Got an ancient scale mail {god gift}
 53478 | Vaults:4 | Identified the +3 scale mail of Tenacity {MR++} (Okawaru
                  | gifted it to you on level 4 of the Vaults)
 54775 | Vaults:4 | HP: 10/225 [tengu reaver/bolt of lightning (5)]
 55174 | Vaults:4 | Received a gift from Okawaru
 56416 | Vaults:5 | Received a gift from Okawaru
 56674 | Vaults:5 | Got a brightly glowing tin ring
 56686 | Vaults:5 | Got a silver rune of Zot
 57324 | Vaults:5 | Got a transparent hat
 57335 | Vaults:5 | Identified the +0 hat "Akhlik" {rPois MR- Int+3 Slay+3}
                  | (You found it on level 5 of the Vaults)
 57381 | Vaults:5 | Identified the ring of Yrua {rPois rC+ rN+ Dex-2} (You
                  | found it on level 5 of the Vaults)
 57396 | Vaults:5 | Got a twitching ivory ring
 57979 | Lair:1   | Identified the ring of Cymoc {*Tele rN+ Dex+4} (You took it
                  | off a frost giant on level 5 of the Vaults)
 58283 | Crypt:1  | Entered Level 1 of the Crypt
 58340 | Crypt:1  | Reached XP level 24. HP: 237/237 MP: 24/24
 59388 | Crypt:2  | Received a gift from Okawaru
 59645 | Crypt:2  | Noticed Mennas
 59672 | Crypt:2  | Killed Mennas
 59676 | Crypt:2  | Got a polished large shield
 59688 | Crypt:2  | Identified the +0 large shield of Absence {MP+9 Int+4} (You
                  | took it off Mennas on level 2 of the Crypt)
 59884 | Crypt:3  | Entered Level 3 of the Crypt
 60026 | Crypt:3  | Received a gift from Okawaru
 60395 | Crypt:3  | Noticed an ancient lich
 60395 | Crypt:3  | Noticed an ancient lich
 60414 | Crypt:3  | Received a gift from Okawaru
 61431 | Crypt:3  | Killed an ancient lich
 61440 | Crypt:3  | Killed an ancient lich
 61440 | Crypt:3  | Received a gift from Okawaru
 61724 | Crypt:3  | Noticed an ancient lich
 61725 | Crypt:3  | Identified Ereshkigal's Collected Works on Evil
 61738 | Crypt:3  | Killed an ancient lich
 61778 | Crypt:3  | Got an iridescent quarterstaff {god gift}
 61779 | Crypt:3  | Identified the +5 quarterstaff "Koecroj" {crush, rElec
                  | Int+2 Dex+4 Stlth+} (Okawaru gifted it to you on level 3 of
                  | the Crypt)
 62117 | Crypt:3  | Found a staircase to the Tomb.
 62375 | Depths:1 | Entered Level 1 of the Depths
 62376 | Depths:1 | Found a one-way gate to the infinite horrors of the Abyss.
 62549 | Depths:1 | Identified a +1 pair of boots of running (You acquired it
                  | on level 1 of the Depths)
 62916 | Depths:1 | Received a gift from Okawaru
 63034 | Depths:1 | Reached XP level 25. HP: 249/249 MP: 24/24
 63847 | Depths:1 | Found a gateway to Hell.
 63908 | Depths:1 | Found a runed door.
 64288 | Depths:1 | Found a roughly hewn altar of Beogh.
 64392 | Depths:2 | Noticed a juggernaut
 64401 | Depths:2 | Killed a juggernaut
 65126 | Depths:2 | Found a sparkling altar of Nemelex Xobeh.
 65189 | Depths:2 | Found a runed door.
 65198 | Depths:2 | Paralysed by a floating eye for 4 turns
 65228 | Depths:2 | Received a gift from Okawaru
 65293 | Depths:2 | Paralysed by a floating eye for 4 turns
 65311 | Depths:2 | Paralysed by a floating eye for 3 turns
 65319 | Depths:2 | Paralysed by a floating eye for 4 turns
 65334 | Depths:2 | Got a brightly glowing crystal plate armour {god gift}
 65345 | Depths:2 | Identified the +0 crystal plate armour "Bijoxek" {-Tele
                  | +Fly rN+ rCorr} (Okawaru gifted it to you on level 2 of the
                  | Depths)
 65511 | Depths:2 | Identified Legh's Disquisition on Transmutation
 66024 | Depths:3 | Received a gift from Okawaru
 66304 | Depths:3 | Found a one-way gate leading to the halls of Pandemonium.
 66426 | Depths:3 | Reached XP level 26. HP: 110/264 MP: 24/24
 67161 | Depths:4 | Reached skill level 27 in Fighting
 67849 | Depths:5 | Entered Level 5 of the Depths
 67860 | Depths:5 | Received a gift from Okawaru
 67861 | Depths:5 | Noticed Xtahua
 67879 | Depths:5 | Killed Xtahua
 68265 | Depths:5 | Found a gateway to a ziggurat.
 68353 | Depths:5 | Reached skill level 27 in Long Blades
 68432 | Depths:5 | Found the +8 lance "Wyrmbane" {slay drac, rPois rF+ rC+
                  | AC+3}
 68433 | Depths:5 | Noticed an ancient lich
 68457 | Depths:5 | Killed an ancient lich
 68641 | Depths:5 | Identified Zung's Compendium of Dusty Ice
 69711 | Depths:5 | Received a gift from Okawaru
 69732 | Depths:5 | Received a gift from Okawaru
 69942 | Depths:5 | Found a gate to the Realm of Zot.
 70316 | Depths:5 | Received a gift from Okawaru
 71130 | Orc:2    | Bought a potion of haste for 140 gold pieces
 71156 | Orc:2    | Bought 2 potions of curing for 96 gold pieces
 71156 | Orc:2    | Bought 2 potions of agility for 128 gold pieces
 71474 | Zot:1    | Entered Level 1 of the Realm of Zot
 71511 | Depths:5 | Reached XP level 27. HP: 83/273 MP: 25/25
 72220 | Zot:1    | Received a gift from Okawaru
 74291 | Hell     | Entered the Vestibule of Hell
 74291 | Hell     | Noticed Geryon
 74625 | Hell     | Reached skill level 5 in Evocations
 75074 | Hell     | Killed Geryon
 75271 | Depths:1 | Received a gift from Okawaru
 75468 | Hell     | Found a gateway to the decaying netherworld of Tartarus.
 75587 | Hell     | Found a gateway to the ashen valley of Gehenna.
 75692 | Hell     | Found a gateway to the freezing wastes of Cocytus.
 75813 | Hell     | Found a gateway to the Iron City of Dis.
 76518 | Zot:2    | Received a gift from Okawaru
 76543 | Zot:2    | Reached skill level 27 in Armour
 76856 | Zot:2    | Reached skill level 5 in Stealth
 77310 | Zot:3    | Received a gift from Okawaru
 77311 | Zot:3    | Found the +4 skin of Zhor {rC+++}
 77323 | Zot:2    | Reached skill level 5 in Invocations
 78707 | Zot:3    | Reached skill level 10 in Stealth
 78753 | Zot:3    | Received a gift from Okawaru
 78845 | Zot:3    | Noticed Tiamat
 78873 | Zot:3    | Killed Tiamat
 78884 | Zot:3    | Got a fine golden amulet
 79028 | Zot:3    | Identified Goinn's Incunabulum of Ashen Conjuration
 79246 | Zot:3    | Got a bloodstained scimitar
 79247 | Zot:3    | Identified the +5 scimitar "Ciosifae" {drain, rN+} (You
                  | found it on level 3 of the Realm of Zot)
 79654 | Lair:1   | Identified the amulet of Xotigyec {Gourm rF+} (You took it
                  | off Tiamat on level 3 of the Realm of Zot)
 80569 | Zot:4    | Received a gift from Okawaru
 81898 | Zot:5    | Entered Level 5 of the Realm of Zot
 81957 | Zot:5    | Noticed an ancient lich
 81978 | Zot:5    | Killed an ancient lich
 81978 | Zot:5    | Reached skill level 10 in Evocations
 82125 | Zot:5    | Noticed an ancient lich
 82133 | Zot:5    | Killed an ancient lich
 82165 | Zot:5    | Received a gift from Okawaru
 82187 | Zot:5    | Noticed an ancient lich
 82196 | Zot:5    | Killed an ancient lich
 82372 | Zot:5    | Noticed an ancient lich
 82380 | Zot:5    | Killed an ancient lich
 82452 | Zot:5    | Noticed an ancient lich
 82453 | Zot:5    | Noticed an orb of fire
 82458 | Zot:5    | Gained mutation: You are weak. (Str -2) [an orb of fire]
 82466 | Zot:5    | Noticed an ancient lich
 82469 | Zot:5    | Killed an ancient lich
 82473 | Zot:5    | Gained mutation: Scrolls take you a little longer to read.
                  | [an orb of fire]
 82474 | Zot:5    | Gained mutation: You are dopey. (Int -2) [an orb of fire]
 82475 | Zot:5    | Gained mutation: You occasionally shout uncontrollably at
                  | your foes. [an orb of fire]
 82478 | Zot:5    | Killed an orb of fire
 82478 | Zot:5    | Noticed an ancient lich
 82489 | Zot:5    | Killed an ancient lich
 82499 | Zot:5    | Killed an ancient lich
 82752 | Zot:5    | Noticed an orb of fire
 82753 | Zot:5    | Noticed an orb of fire
 82757 | Zot:5    | Gained mutation: Your body sometimes deteriorates upon
                  | taking damage. [an orb of fire]
 82758 | Zot:5    | Gained mutation: Armour fits poorly on your strangely
                  | shaped body. [an orb of fire]
 82766 | Zot:5    | Gained mutation: You are very weak. (Str -4) [an orb of
                  | fire]
 82769 | Zot:5    | Lost intelligence.
 82769 | Zot:5    | Gained mutation: You are very dopey. (Int -4) [an orb of
                  | fire]
 82771 | Zot:5    | Gained mutation: You are occasionally teleported next to
                  | monsters. [an orb of fire]
 82773 | Zot:5    | Killed an orb of fire
 82773 | Zot:5    | Received a gift from Okawaru
 82777 | Zot:5    | Gained mutation: You are robust. (+10% HP) [an orb of fire]
 82778 | Zot:5    | Gained mutation: You are clumsy. (Dex -2) [an orb of fire]
 82787 | Zot:5    | Killed an orb of fire
 82877 | Zot:5    | Noticed an ancient lich
 82887 | Zot:5    | Killed an ancient lich
 82887 | Zot:5    | Reached skill level 10 in Invocations
 83098 | Zot:5    | Noticed an orb of fire
 83099 | Zot:5    | Gained mutation: You sometimes yell uncontrollably at your
                  | foes. [an orb of fire]
 83105 | Zot:5    | Gained mutation: Potions are less effective at restoring
                  | your health. [an orb of fire]
 83108 | Zot:5    | Killed an orb of fire
 83152 | Zot:5    | Received a gift from Okawaru
 83197 | Zot:5    | Reached skill level 15 in Stealth
 83237 | Zot:5    | Noticed an orb of fire
 83255 | Zot:5    | Killed an orb of fire
 83650 | Zot:5    | Noticed an orb of fire
 83651 | Zot:5    | Lost mutation: You are robust. (+10% HP) [an orb of fire]
 83652 | Zot:5    | Gained mutation: Your spells are a little easier to cast,
                  | but a little less powerful. [an orb of fire]
 83662 | Zot:5    | Gained mutation: You are frail. (-10% HP) [an orb of fire]
 83663 | Zot:5    | Lost mutation: You sometimes yell uncontrollably at your
                  | foes. [an orb of fire]
 83665 | Zot:5    | Killed an orb of fire
 83665 | Zot:5    | Received a gift from Okawaru
 84599 | Slime:1  | Entered Level 1 of the Pits of Slime
 84853 | Slime:2  | Gained mutation: Your magical capacity is low. (-10% MP) [a
                  | shining eye]
 84853 | Slime:2  | Gained mutation: You are very frail. (-20% HP) [a shining
                  | eye]
 84854 | Slime:2  | Gained mutation: Your magical capacity is very low. (-20%
                  | MP) [a shining eye]
 84861 | Slime:2  | Gained mutation: You are extremely frail. (-30% HP) [a
                  | shining eye]
 84861 | Slime:2  | Lost mutation: You are occasionally teleported next to
                  | monsters. [a shining eye]
 84862 | Slime:2  | Gained mutation: Scrolls take you longer to read. [a
                  | shining eye]
 84863 | Slime:2  | Gained mutation: You sometimes yell uncontrollably at your
                  | foes. [a shining eye]
 84866 | Slime:2  | Lost mutation: You are clumsy. (Dex -2) [a shining eye]
 84868 | Slime:2  | Gained mutation: Your body often deteriorates upon taking
                  | damage. [a shining eye]
 84868 | Slime:2  | Gained mutation: Your magical capacity is extremely low.
                  | (-30% MP) [a shining eye]
 84868 | Slime:2  | Gained mutation: Your spells are easier to cast, but less
                  | powerful. [a shining eye]
 84869 | Slime:2  | Gained mutation: You tend to lose your temper in combat. [a
                  | shining eye]
 84870 | Slime:2  | Gained mutation: You are clumsy. (Dex -2) [a shining eye]
 84870 | Slime:2  | Gained mutation: You often lose your temper in combat. [a
                  | shining eye]
 84871 | Slime:2  | Gained mutation: You are occasionally teleported next to
                  | monsters. [a shining eye]
 85582 | Slime:5  | Entered Level 5 of the Pits of Slime
 85677 | Slime:5  | Found a viscous altar of Jiyva.
 85677 | Slime:5  | Noticed the Royal Jelly
 85678 | Slime:5  | Found the +10 zealot's sword {holy, *Rage rN+ EV+3}
 85693 | Slime:5  | Killed the Royal Jelly
 85708 | Slime:5  | HP: 2/191 [acid blob[the Royal Jelly] (22)]
 85708 | Slime:5  | Splashed by an acid blob's acid

Skill      XL: |  1  2  3  4  5  6  7  8  9 10 11 12 13 14 15 16 17 18 19 20 21 22 23 24 25 26 27 |
---------------+----------------------------------------------------------------------------------+-----
Fighting       | 4 5 6 7 9 10 11 12 13 14 15 16 18 19 20 22 23 25 26 27 | 27.0
Armour         | 4 5 6 8 9 11 12 13 14 15 16 17 18 19 20 23 27 | 27.0
Shields        | 4 5 6 7 9 11 12 14 16 18 20 21 22 23 24 26 27 | 27.0
Long Blades    | 3 4 5 6 7 8 10 11 12 13 14 15 16 17 18 19 20 22 23 24 26 27 | 27.0
Dodging        | 1 2 3 4 5 6 7 8 9 11 12 | 12.2
Stealth        | 1 2 3 16 | 16.1
Invocations    | 1 2 3 11 | 11.7
Evocations     | 1 2 4 14 | 14.4
Axes           | 1 4 |  4.1
Unarmed Combat | |  0.3

Action                   |  1- 3 |  4- 6 |  7- 9 | 10-12 | 13-15 | 16-18 | 19-21 | 22-24 | 25-27 || total
-------------------------+-------+-------+-------+-------+-------+-------+-------+-------+-------++-------
Melee: Long sword        |    74 |   156 |   118 |       |       |       |       |       |       ||   348
       Headbutt          |    11 |    25 |    69 |   207 |   560 |   465 |   507 |   501 |  1106 ||  3451
       Unarmed           |       |       |     5 |       |       |       |       |       |       ||     5
       Falchion          |       |       |   204 |   717 |   815 |       |       |       |       ||  1736
       Broad axe         |       |       |       |       |    63 |       |       |       |       ||    63
       Demon blade       |       |       |       |       |   801 |   377 |       |       |       ||  1178
       Double sword      |       |       |       |       |       |   975 |  1437 |  1385 |  2788 ||  6585
Invok: Heroism           |       |       |       |     5 |    13 |     2 |     5 |     6 |     2 ||    33
Evoke: Wand              |       |     1 |     1 |     9 |     5 |       |     7 |     2 |    11 ||    36
  Use: Scroll            |       |       |     2 |    21 |    12 |     8 |    14 |    20 |    13 ||    90
       Potion            |       |       |       |     1 |     5 |       |       |     5 |     3 ||    14
 Stab: Sleeping          |       |       |       |       |       |     4 |       |       |       ||     4
       Distracted        |       |       |       |       |       |     1 |     1 |       |     1 ||     3
  Eat: Chunk             |       |     6 |     6 |    24 |    33 |    23 |    37 |    32 |    39 ||   200
       Ration            |       |       |     1 |     1 |     4 |     3 |     2 |     4 |    10 ||    25
Armor: Scale mail        |    32 |    20 |       |       |       |       |       |       |       ||    52
       Chain mail        |       |    21 |       |   129 |   492 |   287 |   245 |   209 |       ||  1383
       Plate armour      |       |    47 |   162 |    86 |       |       |       |       |       ||   295
       Skin              |       |       |     5 |       |       |       |       |       |       ||     5
       Gold dragon scale |       |       |       |       |       |       |       |   239 |  1189 ||  1428
Dodge: Dodged            |    23 |    25 |    57 |   153 |   403 |   338 |   353 |   519 |  1133 ||  3004
Block: Shield            |    42 |    90 |   163 |   339 |       |   207 |   622 |       |       ||  1463
       Large shield      |       |       |       |   116 |  1753 |  1481 |  1105 |  2132 |  4128 || 10715
       Reflection        |       |       |       |       |       |       |    77 |   118 |   140 ||   335
       Rpst.: Long sword |    10 |     8 |     2 |       |       |       |       |       |       ||    20
       Falchion          |       |       |    10 |    39 |    21 |       |       |       |       ||    70
       Demon blade       |       |       |       |       |    34 |     9 |       |       |       ||    43
       Double sword      |       |       |       |       |       |    48 |    70 |    84 |   183 ||   385
